 Dungeon Sprint DCSS version 0.17-a0-1181-gabc46e6 (webtiles) character file.

15040 Kidiri the Bludgeoner (level 11, -4/125 HPs)
             Began as a Troll Berserker on May 31, 2015.
             Was the Champion of Trog.
             Slain by an azure jelly (5 damage)
             ... in the Dungeon (Sprint III: "The Ten Rune Challenge").
             The game lasted 00:26:35 (2885 turns).

Kidiri the Bludgeoner (Troll Berserker)             Turns: 2885, Time: 00:26:35

Health: -4/125     AC:  6    Str: 30    XL:     11   Next: 96%
Magic:  3/3        EV: 14    Int:  3    God:    Trog [******]
Gold:   7845       SH:  0    Dex:  9    Spells: 0 memorised, 10 levels left

rFire  . . .     SeeInvis .     d - +6 giant club (antimagic)
rCold  + . .     Rnd*Rage +     b - +0 animal skin
rNeg   . . .     SustAt   .     (no shield)
rPois  +         Gourm    +     (helmet restricted)
rElec  .         Spirit   .     (no cloak)
rCorr  .         Warding  .     (gloves unavailable)
rMut   .         NoTele   +     (boots unavailable)
MR     .....                    (no amulet)
Stlth  +.........               (no ring)
                                (no ring)

@: not resistant to hostile enchantments, very unstealthy
A: unfitting armour, claws 3, hooves 1, rugged brown scales 1, berserk 1, blurry
vision 1, cold resistance 1, fast metabolism 3, frail 1, gourmand, poison
resistance, regeneration 2, shaggy fur 1, spit poison 1, tough skin 2
a: Spit Poison, Burn Spellbooks, Berserk, Trog's Hand, Brothers in Arms,
Renounce Religion


You were in the Dungeon.
You worshipped Trog.
Trog was exalted by your worship.
You were not hungry.

You visited 1 branch You collected 8040 gold pieces.
You spent 195 gold pieces at shops.

Inventory:

Hand weapons
 a - the +3 flail "Elilom" {antimagic, rN++ MR+ Dex-2 Stlth+}
   (You bought it in a shop in the Dungeon)

   It disrupts the flow of magical energy around spellcasters and certain
   magical creatures (including the wielder).
   It affects your dexterity (-2).
   It greatly protects you from negative energy.
   It affects your resistance to hostile enchantments.
   It makes you more stealthy.
 d - a +6 antimagic giant club (weapon)
 s - a +3 dire flail of holy wrath
 t - a +2 great mace of holy wrath
Missiles
 r - 5 silver javelins (quivered)
Armour
 b - a +0 animal skin (worn)
Magical devices
 p - a wand of fireball (7)
Scrolls
 e - a scroll of enchant weapon {unknown}
 i - a scroll of blinking
 j - a scroll of holy word {unknown}
 k - 3 scrolls of identify
 l - 4 scrolls of remove curse
 n - a scroll of torment {unknown}
Potions
 f - 2 potions of haste
 g - 3 potions of magic
 h - a potion of berserk rage
 m - 2 potions of cure mutation {unknown}
 q - a potion of brilliance {unknown}
 v - a potion of degeneration {unknown}
 w - a potion of flight {unknown}
Comestibles
 c - 3 bread rations
 o - 33 royal jellies


   Skills:
 * Level 15.9 Fighting
 * Level 17.2 Maces & Flails
 + Level 11.8 Dodging


You had 10 spell levels left.
You didn't know any spells.

Dungeon Overview and Level Annotations

Branches:
Dungeon (1/1)

Altars:
Cheibriados
Dithmenos
Elyvilon
Fedhas
Gozag
Kikubaaqudgha
Makhleb
Nemelex Xobeh
Okawaru
Qazlal
Ru
Sif Muna
Trog
Vehumet
Xom
Yredelemnul
Zin
The Shining One
Jiyva
Lugonu

Shops:
D (


Innate Abilities, Weirdness & Mutations

You are too large for most types of armour.
You have claws for hands.
Your metabolism is lightning-fast.
You like to eat raw meat.
You heal very quickly.
You are covered in fur (AC +1).
You have very tough skin (AC +2).
You have large cloven feet.
You are partially covered in rugged brown scales (AC +1, +3% HP).
You tend to lose your temper in combat.
Scrolls take you a little longer to read.
Your flesh is cold resistant.
You are frail (-10% HP).
Your system is resistant to poisons.
You can spit weak poison.


Message History

The azure jelly freezes your hill giant!!
Your hill giant dies!
Your hill giant's corpse disappears in a puff of smoke!
Use which ability? (? or * to list)
Your stone giant goes berserk!
You feel somewhat more hungry. The azure jelly misses you.
The azure jelly hits you.
* * * LOW HITPOINT WARNING * * *
The azure jelly freezes you! You resist.
* * * LOW HITPOINT WARNING * * *
The azure jelly hits you.
* * * LOW HITPOINT WARNING * * *
The azure jelly hits you but does no damage.
Drink which item? (? for menu, Esc to quit)
You feel better. The azure jelly barely misses you. The azure jelly hits you.
* * * LOW HITPOINT WARNING * * *
The azure jelly freezes you! You resist.
* * * LOW HITPOINT WARNING * * *
The azure jelly hits you.
You die...

#..# #..#####....#___#_.
▓▓▓▓▓▓▓▓▓▓▓▓▓▓▓▓▓▓▓▓▓▓▓▓
▓...'≈≈≈≈≈§≈≈≈♣♣.....♣♣♣
▓..P#≈≈≈§§§≈≈≈♣♣÷≈≈≈≈'♣♣
▓..P#≈≈≈§§§≈≈≈≈')....#.≈
▓..P#≈≈≈§§§≈≈≈♣♣♣♣♣♣♣#..
▓...#≈.≈≈≈§§≈≈♣ ###
▓##.####C#######♣
▓...JJJ@.)......♣
▓#'#############+ ▓...#
▓...+ ▓...# ▓...# #+###


You could see 3 azure jellies and a friendly stone giant (berserk).

Vanquished Creatures
  Rupert (D)
  An azure jelly (D)
  2 dire elephants (D)
  Erolcha (D)
  A deep elf knight (D)
  An ice devil (D)
  2 deep elf summoners (D)
  A deep elf conjurer (D)
  An elephant (D)
  2 spiny frogs (D)
  A fire drake (D)
  A komodo dragon (D)
  2 deep elf priests (D)
  A shadow (D)
  5 blink frogs (D)
  A tarantella (D)
  2 trapdoor spiders (D)
  A redback (D)
  A neqoxec (D)
  2 hill giants (D)
  A spatial vortex (D)
  A swamp drake (D)
  A necrophage (D)
  3 two-headed ogres (D)
  A water elemental (D)
  A scorpion (D)
  3 killer bees (D)
  3 wandering mushrooms (D)
  An orc priest (D)
  A jelly (D)
  A hell rat (D)
  A wizard (D)
  A necromancer (D)
  3 humans (D)
  A kobold demonologist (D)
  An ooze (D)
  6 orcs (D)
  3 rats (D)
63 creatures vanquished.

Vanquished Creatures (collateral kills)
  Gastronok (D)
  An orc high priest (D)
  An elephant (D)
  A queen bee (D)
  2 orc warriors (D)
  29 killer bees (D)
  2 orc priests (D)
  6 orcs (D)
43 creatures vanquished.

Vanquished Creatures (others)
  2 draconian scorchers (D)
  A hill giant (D)
  3 yaktaurs (D)
  A plant (D)
7 creatures vanquished.

Grand Total: 113 creatures vanquished

Notes
Turn   | Place    | Note
--------------------------------------------------------------
     0 | D        | Kidiri the Troll Berserker began the quest for the Orb.
     0 | D        | Reached XP level 1. HP: 22/22 MP: 0/0
    21 | D        | Reached skill level 3 in Fighting
    48 | D        | Acquired Trog's second power
    78 | D        | Noticed a scorpion
    95 | D        | Reached skill level 4 in Maces & Flails
    95 | D        | Reached XP level 2. HP: 13/32 MP: 1/1
   109 | D        | Killed a yaktaur
   152 | D        | Killed a scorpion
   152 | D        | Reached skill level 5 in Maces & Flails
   152 | D        | Reached XP level 3. HP: 39/41 MP: 2/2
   152 | D        | Reached XP level 4. HP: 46/49 MP: 3/3
   170 | D        | Gained mutation: Your spells are a little harder to cast, but a little more powerful. [potion of mutation]
   170 | D        | Gained mutation: You have large cloven feet. [potion of mutation]
   170 | D        | Lost mutation: Your spells are a little harder to cast, but a little more powerful. [potion of mutation]
   171 | D        | Gained mutation: You are frail (-10% HP). [potion of mutation]
   171 | D        | Gained mutation: You tend to lose your temper in combat. [potion of mutation]
   171 | D        | Gained mutation: You are partially covered in rugged brown scales (AC +1, +3% HP). [potion of mutation]
   189 | D        | Killed a white draconian scorcher
   203 | D        | Noticed a water elemental
   208 | D        | Killed a water elemental
   208 | D        | Reached skill level 5 in Fighting
   208 | D        | Reached skill level 6 in Maces & Flails
   208 | D        | Reached XP level 5. HP: 54/54 MP: 4/4
   246 | D        | Found a radiant altar of Vehumet.
   246 | D        | Found a deep blue altar of Sif Muna.
   246 | D        | Found an ancient bone altar of Kikubaaqudgha.
   246 | D        | Noticed a wizard
   250 | D        | Killed a wizard
   250 | D        | Acquired Trog's third power
   301 | D        | Found a glowing silver altar of Zin.
   301 | D        | Found a glowing golden altar of the Shining One.
   301 | D        | Found a white marble altar of Elyvilon.
   302 | D        | Noticed a deep elf priest
   321 | D        | Killed a deep elf priest
   321 | D        | Reached skill level 8 in Fighting
   321 | D        | Reached skill level 5 in Dodging
   321 | D        | Reached XP level 6. HP: 34/66 MP: 5/5
   370 | D        | Killed a yaktaur
   394 | D        | Found an iron altar of Okawaru.
   394 | D        | Found a bloodstained altar of Trog.
   394 | D        | Noticed a human
   396 | D        | Noticed a human
   406 | D        | Killed a human
   406 | D        | Reached skill level 9 in Maces & Flails
   406 | D        | Reached XP level 7. HP: 75/75 MP: 6/6
   408 | D        | Killed a human
   447 | D        | Found a basalt altar of Yredelemnul.
   447 | D        | Found a snail-covered altar of Cheibriados.
   447 | D        | Found a blossoming altar of Fedhas.
   447 | D        | Noticed a necrophage
   447 | D        | Noticed a necromancer
   451 | D        | Killed a necrophage
   451 | D        | Reached skill level 10 in Maces & Flails
   453 | D        | Killed a necromancer
   500 | D        | Noticed a jelly
   501 | D        | Noticed a shadow
   512 | D        | Killed a shadow
   514 | D        | Killed a jelly
   574 | D        | Found a stormy altar of Qazlal.
   574 | D        | Found a sacrificial altar of Ru.
   574 | D        | Found a burning altar of Makhleb.
   574 | D        | Found a shimmering altar of Xom.
   574 | D        | Noticed a spatial vortex
   585 | D        | Killed a spatial vortex
   585 | D        | Reached XP level 8. HP: 82/86 MP: 7/7
   590 | D        | Found a viscous altar of Jiyva.
   590 | D        | Found a shadowy altar of Dithmenos.
   590 | D        | Found a sparkling altar of Nemelex Xobeh.
   590 | D        | Found a corrupted altar of Lugonu.
   590 | D        | Found an opulent altar of Gozag.
   637 | D        | Noticed a two-headed ogre
   637 | D        | Noticed a two-headed ogre
   639 | D        | Noticed a two-headed ogre
   645 | D        | Killed a two-headed ogre
   645 | D        | Reached skill level 10 in Fighting
   649 | D        | Killed a two-headed ogre
   653 | D        | Killed a two-headed ogre
   653 | D        | Reached skill level 11 in Maces & Flails
   737 | D        | Killed a yaktaur
   740 | D        | Noticed a hill giant
   746 | D        | Killed a white draconian scorcher
   750 | D        | Killed a hill giant
   803 | D        | Noticed Erolcha
   804 | D        | Noticed a hill giant
   808 | D        | Killed Erolcha
   808 | D        | Received a gift from Trog
   808 | D        | Reached skill level 12 in Maces & Flails
   808 | D        | Reached XP level 9. HP: 73/97 MP: 8/8
   816 | D        | Killed a hill giant
  1022 | D        | Noticed an orc warrior
  1022 | D        | Noticed an orc priest
  1022 | D        | Noticed an orc priest
  1022 | D        | Noticed an orc warrior
  1029 | D        | Received a gift from Trog
  1030 | D        | Noticed an orc high priest
  1031 | D        | Noticed an orc priest
  1032 | D        | Noticed an ice devil
  1033 | D        | Killed an orc priest
  1040 | D        | Killed an orc warrior
  1043 | D        | Killed an orc warrior
  1045 | D        | Received a gift from Trog
  1050 | D        | Killed an ice devil
  1051 | D        | Killed an orc high priest
  1052 | D        | Killed an orc priest
  1056 | D        | Killed an orc priest
  1082 | D        | Found Kutyraic's Antique Weapon Shoppe.
  1211 | D        | Bought a jewelled flail for 195 gold pieces
  1211 | D        | Identified the +3 flail "Elilom" {antimagic, rN++ MR+ Dex-2 Stlth+} (You bought it in a shop in the Dungeon)
  1234 | D        | Noticed a deep elf summoner
  1234 | D        | Noticed a deep elf priest
  1234 | D        | Noticed a deep elf summoner
  1234 | D        | Noticed a deep elf conjurer
  1234 | D        | Noticed a deep elf knight
  1246 | D        | Killed a deep elf knight
  1246 | D        | Reached skill level 13 in Maces & Flails
  1248 | D        | Killed a deep elf conjurer
  1259 | D        | Killed a deep elf summoner
  1259 | D        | Reached XP level 10. HP: 67/109 MP: 3/9
  1262 | D        | Killed a deep elf priest
  1262 | D        | Received a gift from Trog
  1283 | D        | Killed a deep elf summoner
  1283 | D        | Reached skill level 14 in Maces & Flails
  1367 | D        | Noticed a deep elf high priest
  1368 | D        | Noticed a deep elf high priest
  1369 | D        | Noticed a deep elf annihilator
  1373 | D        | Gained mutation: Scrolls take you a little longer to read. [a neqoxec]
  1522 | D        | Noticed a redback
  1529 | D        | Killed a redback
  1534 | D        | Noticed a trapdoor spider
  1538 | D        | Killed a trapdoor spider
  1553 | D        | Noticed a trapdoor spider
  1554 | D        | Killed a trapdoor spider
  1608 | D        | Noticed a wandering mushroom
  1613 | D        | Noticed a wandering mushroom
  1615 | D        | Noticed a wandering mushroom
  1629 | D        | Killed a wandering mushroom
  1830 | D        | Noticed a killer bee
  1830 | D        | Noticed a killer bee
  1830 | D        | Noticed a killer bee
  1830 | D        | Killed a killer bee
  1830 | D        | Received a gift from Trog
  1832 | D        | Noticed a killer bee
  1832 | D        | Noticed a killer bee
  1832 | D        | Killed a killer bee
  1833 | D        | Noticed a killer bee
  1833 | D        | Killed a killer bee
  1834 | D        | Noticed a killer bee
  1834 | D        | Noticed a killer bee
  1834 | D        | Killed a killer bee
  1834 | D        | Killed a killer bee
  1835 | D        | Noticed a killer bee
  1835 | D        | Killed a killer bee
  1836 | D        | Noticed a killer bee
  1836 | D        | Noticed a killer bee
  1836 | D        | Killed a killer bee
  1836 | D        | Killed a killer bee
  1837 | D        | Noticed a killer bee
  1837 | D        | Noticed a killer bee
  1837 | D        | Killed a killer bee
  1838 | D        | Killed a killer bee
  1839 | D        | Noticed a killer bee
  1839 | D        | Killed a killer bee
  1840 | D        | Noticed a killer bee
  1840 | D        | Killed a killer bee
  1840 | D        | Received a gift from Trog
  1841 | D        | Noticed a killer bee
  1841 | D        | Noticed a killer bee
  1841 | D        | Killed a killer bee
  1842 | D        | Noticed a queen bee
  1842 | D        | Noticed a killer bee
  1842 | D        | Noticed a killer bee
  1842 | D        | Noticed a killer bee
  1842 | D        | Noticed a killer bee
  1842 | D        | Killed a killer bee
  1843 | D        | Killed a killer bee
  1843 | D        | Killed a queen bee
  1844 | D        | Noticed a killer bee
  1844 | D        | Noticed a killer bee
  1844 | D        | Killed a killer bee
  1844 | D        | Reached skill level 10 in Dodging
  1845 | D        | Noticed a killer bee
  1845 | D        | Noticed a killer bee
  1846 | D        | Killed a killer bee
  1847 | D        | Killed a killer bee
  1847 | D        | Received a gift from Trog
  1848 | D        | Noticed a killer bee
  1848 | D        | Killed a killer bee
  1849 | D        | Killed a killer bee
  1849 | D        | Received a gift from Trog
  1850 | D        | Killed a killer bee
  1851 | D        | Noticed a killer bee
  1851 | D        | Killed a killer bee
  1852 | D        | Killed a killer bee
  1853 | D        | Killed a killer bee
  1854 | D        | Killed a killer bee
  1855 | D        | Noticed a killer bee
  1855 | D        | Killed a killer bee
  1855 | D        | Received a gift from Trog
  1856 | D        | Noticed a killer bee
  1857 | D        | Noticed a killer bee
  1858 | D        | Killed a killer bee
  1859 | D        | Killed a killer bee
  1860 | D        | Killed a killer bee
  1861 | D        | Killed a killer bee
  1862 | D        | Killed a killer bee
  1863 | D        | Killed a killer bee
  1863 | D        | Received a gift from Trog
  1864 | D        | Got an ichor-stained giant spiked club {god gift}
  1865 | D        | Identified the +4 giant spiked club of Departure {drain, rC+ MR+ Str-5 Stlth+} (Trog gifted it to you in the Dungeon)
  1977 | D        | Killed a wandering mushroom
  2006 | D        | Killed a wandering mushroom
  2034 | D        | Noticed a spiny frog
  2034 | D        | Noticed a komodo dragon
  2034 | D        | Noticed a spiny frog
  2037 | D        | Killed a spiny frog
  2037 | D        | Reached skill level 15 in Maces & Flails
  2038 | D        | Killed a spiny frog
  2040 | D        | Killed a komodo dragon
  2217 | D        | Noticed a swamp drake
  2217 | D        | Noticed a fire drake
  2221 | D        | Killed a fire drake
  2221 | D        | Reached XP level 11. HP: 90/120 MP: 3/10
  2222 | D        | Killed a swamp drake
  2236 | D        | Noticed a blink frog
  2236 | D        | Noticed a blink frog
  2236 | D        | Noticed a blink frog
  2251 | D        | Killed a blink frog
  2337 | D        | Killed a blink frog
  2337 | D        | Received a gift from Trog
  2381 | D        | Killed a blink frog
  2385 | D        | Noticed a blink frog
  2385 | D        | Noticed a blink frog
  2387 | D        | Killed a blink frog
  2409 | D        | Killed a blink frog
  2486 | D        | Noticed an elephant
  2486 | D        | Noticed an elephant
  2487 | D        | Noticed a dire elephant
  2487 | D        | Noticed a dire elephant
  2508 | D        | Killed a dire elephant
  2511 | D        | Killed a dire elephant
  2511 | D        | Reached skill level 16 in Maces & Flails
  2518 | D        | Killed an elephant
  2519 | D        | Killed an elephant
  2519 | D        | Reached skill level 15 in Fighting
  2522 | D        | Noticed Gastronok
  2527 | D        | Killed Gastronok
  2527 | D        | Received a gift from Trog
  2681 | D        | Noticed an azure jelly
  2681 | D        | Noticed an azure jelly
  2681 | D        | Noticed an azure jelly
  2684 | D        | Gained mutation: Your system is resistant to poisons. [potion of mutation]
  2684 | D        | Gained mutation: Your flesh is cold resistant. [potion of mutation]
  2684 | D        | Gained mutation: You can spit weak poison. [potion of mutation]
  2685 | D        | Noticed an azure jelly
  2688 | D        | Noticed Rupert
  2700 | D        | Killed Rupert
  2879 | D        | Killed an azure jelly
  2879 | D        | Reached skill level 17 in Maces & Flails
  2885 | D        | HP: 1/125 [azure jelly (17)]
  2885 | D        | Slain by an azure jelly

Vault maps used:
D:        dungeon_sprint_mu

Action                   |  1- 3 |  4- 6 |  7- 9 | 10-12 || total
-------------------------+-------+-------+-------+-------++-------
Melee: Mace              |    35 |    32 |    36 |       ||   103
       Giant spiked club |       |       |    19 |       ||    19
       Giant club        |       |       |    27 |   102 ||   129
Invok: Berserk           |     2 |     3 |     3 |     1 ||     9
       Burn Spellbooks   |       |     1 |       |       ||     1
       Brothers in Arms  |       |       |     1 |     4 ||     5
       Trog's Hand       |       |       |     1 |       ||     1
Evoke: Wand              |       |       |       |     1 ||     1
  Use: Potion            |     1 |     2 |     1 |     2 ||     6
       Scroll            |       |     2 |       |       ||     2
  Eat: Chunk             |     2 |     7 |    16 |    11 ||    36
